 Dungeon Crawl Stone Soup version 0.14-a0-2327-g5ff15cf (webtiles) character file.

3031 Bloaxor the Basher (level 9, -4/82 HPs)
             Began as a Deep Dwarf Fighter on Jan 30, 2014.
             Was a Follower of Dithmengos.
             Slain by an ogre
             ... wielding a +0,+0 giant spiked club
              (24 damage)
             ... on Level 8 of the Dungeon.
             The game lasted 00:25:06 (3644 turns).

Bloaxor the Basher (Deep Dwarf Fighter)             Turns: 3644, Time: 00:25:07

HP  -4/82        AC  9     Str 21      XL: 9   Next: 39%
MP  13/13        EV  7     Int  9      God: Dithmengos [*.....]
Gold 315         SH 22     Dex 12      Spells:  0 memorised,  8 levels left

rFire  . . .     SeeInvis .     p - +0,+1 whip (elec)
rCold  . . .     Clarity  .     b - +0 dwarf scale mail
rNeg   . . .     Conserve .     c - +0 dwarf shield
rPois  .         rCorr    .     (no helmet)
rElec  .         rRot     .     (no cloak)
SustAb + .       Spirit   .     (no gloves)
rMut   .         Warding  .     (no boots)
Saprov . . .     Stasis   .     (no amulet)
MR     +....                    (no ring)
                                l - ring of sustain abilities

@: non-regenerating, wreathed by umbra, drained, somewhat resistant to hostile
enchantments, extremely unstealthy
A: damage resistance, recharge devices, clumsy 1, deterioration 1, low mp 1,
sense surroundings 2, slow healing 3
a: Device Recharging, Renounce Religion


You were on level 8 of the Dungeon.
You worshipped Dithmengos.
Dithmengos was aware of your devotion.
You were not hungry.

You visited 2 branches of the dungeon, and saw 9 of its levels.

You collected 315 gold pieces.


Innate Abilities, Weirdness & Mutations

You are resistant to damage.
You can recharge devices by infusing magical energy.
You passively map the area around you.
You do not heal naturally.
You are clumsy. (Dex -2)
Your body is slowly deteriorating.
Your magical capacity is low (-10% MP).


   Skills:
 + Level 5.8(5.5) Fighting
 * Level 8.8(8.4) Maces & Flails
 + Level 7.6(7.2) Armour
 - Level 4.7(4.4) Shields
 + Level 4.6(4.3) Evocations


You had 8 spell levels left.
You didn't know any spells.

Dungeon Overview and Level Annotations

Branches:
Dungeon (8/16)             Temple (1/1) D:4
   Lair: D:8-11

Altars:
Ashenzari
Cheibriados
Dithmengos
Elyvilon
Fedhas
Kikubaaqudgha
Nemelex Xobeh
Okawaru
Sif Muna
Trog
Vehumet
Xom
Yredelemnul
Zin
The Shining One

Annotations:
D:4 exclusion: oklob plant

Inventory:

Hand weapons
 a - a +0,-1 dwarven mace
 e - a +0,+3 orcish whip of venom
   (You took it off an orc on level 3 of the Dungeon)
 j - a +0 blowgun
   (You took it off a kobold on level 3 of the Dungeon)
 m - a +3,+1 flail of freezing
   (You took it off a wight on level 8 of the Dungeon)
 p - a +0,+1 whip of electrocution (weapon)
   (You took it off Pikel on level 4 of the Dungeon)
Missiles
 k - 11 stones (quivered)
 r - 16 poisoned needles
 s - 8 darts of dispersal {!f}
Armour
 b - a +0 dwarven scale mail (worn)
 c - a +0 dwarven shield (worn)
Magical devices
 d - a wand of heal wounds (3)
 t - a wand of random effects (9)
   (You found it on level 5 of the Dungeon)
 y - a wand of fire (5)
   (You found it on level 7 of the Dungeon)
Comestibles
 f - 4 bread rations
 q - a lemon
 v - a pear
 B - a choko
 C - 18 cheeses
Scrolls
 g - 2 scrolls of remove curse
 n - 2 scrolls of enchant weapon I
 u - a scroll of enchant weapon II
 x - a scroll of teleportation
 A - a scroll of enchant armour
Jewellery
 l - a ring of sustain abilities (left hand)
   (You found it on level 4 of the Dungeon)
Potions
 i - 5 potions of curing
 o - 2 potions of agility

#.# .# .* * #....(....# *
#.##.##.# ######(#....#
#<##.##.# #......##.#.####
#.......# #......#.......#
#.......# #.........#.##.#
##.#.##.#####
#...........##.# #<#........#
#.....##.......#
#.##.#..##.####...###.......#
#.##.#.....)@Oc.#.# #........
#......###.####...# ##.....##
####.#####.# ##### #.....#
#.......# ###.###* #########
* , .. * .## .# *, * *


You could see an ogre and a centaur.


Message History

Drink which item? (? for menu, Esc to quit)
You feel better.
The centaur shoots a poisoned arrow.
The poisoned arrow misses you.
The centaur shoots a poisoned arrow.
You block the poisoned arrow.
Unknown command.
Unknown command.
Fire/throw which item? (* to show all) (? for menu, Esc to quit)
Okay, then.
Evoke which item? (* to show all) (? for menu, Esc to quit)
Zapping:
y - a tapered copper wand
Aim: an ice beast Dithmengos forgives your accidental fire-starting, just this once.
The bolt of fire misses the ice beast.
The bolt of fire hits the centaur.
The centaur is severely wounded.
y - a wand of fire {zapped: 1} Unknown command.
You see here a poisoned arrow.
Evoke which item? (* to show all) (? for menu, Esc to quit)
Okay, then.
The centaur shoots a poisoned arrow.
The poisoned arrow misses you.
You enter the shallow water.
Moving in this stuff is going to be slow.
The centaur shoots a poisoned arrow.
You block the poisoned arrow.
You hear a splash.
The ice beast hits you but does no damage.
Things that are here:
a poisoned arrow; a long sword; a robe; a robe Unknown command.
Unknown command.
Things that are here:
an orcish falchion; a robe; a runed elven dagger; a robe Wield which item (- for none, * to show all)? (? for menu, Esc to quit)
Your +3,+1 flail of freezing stops glowing.
You hear the crackle of electricity.
p - a +0,+1 whip of electrocution (weapon)
You hit the ice beast.
The ice beast is lightly wounded.
The ice beast barely misses you.
You hit the ice beast.
There is a sudden explosion of sparks!
The ice beast is severely wounded.
The ice beast hits you but does no damage.
You closely miss the ice beast.
The ice beast is severely wounded.
The ice beast closely misses you.
Unknown command.
You barely miss the ice beast.
The ice beast is severely wounded.
Unknown command.
Your shield and scale mail prevent you from hitting the ice beast.
The ice beast is severely wounded.
The ice beast hits you but does no damage.
Unknown command.
You hit the ice beast.
The ice beast is almost dead.
The ice beast hits you.
* * * LOW HITPOINT WARNING * * *
The ice beast freezes you.
* * * LOW HITPOINT WARNING * * *
Unknown command.
You hit the ice beast.
There is a sudden explosion of sparks!
You kill the ice beast!
Dithmengos accepts your kill.
Unknown command.
You hit the ogre.
There is a sudden explosion of sparks!
The ogre is severely wounded.
Unknown command.
You hit the ogre.
The ogre is severely wounded.
The ogre hits you with a giant spiked club!
You die...

Action                   |  1- 3 |  4- 6 |  7- 9 || total
-------------------------+-------+-------+-------++-------
Melee: Mace              |    44 |   133 |     4 ||   181
       Flail             |    19 |    10 |     2 ||    31
       Whip              |       |    62 |   368 ||   430
 Fire: Blowgun           |       |       |     8 ||     8
Throw: Stone             |       |     1 |       ||     1
Evoke: Wand              |     1 |     4 |     4 ||     9
  Use: Potion            |     1 |       |     8 ||     9
       Scroll            |       |     9 |     8 ||    17
 Stab: Distracted        |     1 |       |       ||     1

Vault maps used:
D:1:      saegor_arrival_simple_F, minmay_cut_off
D:2:      first_bread, elyvilon_altar_2
D:3:      uniq_crazy_yiuf_cottage, uniq_grinder, uniq_purgy
D:4:      tgw_fedhas, minmay_temple_entry_statues, minmay_stone_trees_medium,
          uniq_pikel
D:5:      lemuel_ratsnest, minmay_overflow_temple_star_quad, grunt_ministairs_6
D:7:      grunt_rat_hole
Temple:   circular_temple_12

Notes
Turn   | Place    | Note
--------------------------------------------------------------
     0 | D:1      | Bloaxor, the Deep Dwarf Fighter, began the quest for the Orb.
     0 | D:1      | Reached XP level 1. HP: 20/20 MP: 1/1
   110 | D:1      | Reached XP level 2. HP: 20/27 MP: 2/2
   227 | D:2      | Reached XP level 3. HP: 20/33 MP: 3/3
   230 | D:2      | Found a white marble altar of Elyvilon.
   254 | D:2      | HP: 8/33 [big fish (3)]
   258 | D:2      | Reached skill level 3 in Maces & Flails
   258 | D:2      | Reached skill level 4 in Armour
   279 | D:2      | Reached XP level 4. HP: 32/40 MP: 4/4
   386 | D:3      | Reached skill level 3 in Fighting
   677 | D:3      | Reached skill level 4 in Shields
   770 | D:3      | Reached XP level 5. HP: 22/49 MP: 5/5
   871 | D:3      | Noticed Grinder
   892 | D:3      | Killed Grinder
   892 | D:3      | Reached skill level 4 in Maces & Flails
   892 | D:3      | Reached XP level 6. HP: 25/56 MP: 6/6
   939 | D:3      | Noticed a necrophage
   982 | D:3      | HP: 13/56 [gnoll/orcish trident (3)]
   983 | D:3      | HP: 6/56 [gnoll/orcish trident (7)]
  1214 | D:4      | Found a blossoming altar of Fedhas.
  1283 | D:4      | Noticed Pikel
  1310 | D:4      | Noticed an oklob plant
  1327 | D:4      | Killed Pikel
  1327 | D:4      | Reached skill level 4 in Fighting
  1327 | D:4      | Reached skill level 6 in Maces & Flails
  1327 | D:4      | Reached skill level 5 in Armour
  1327 | D:4      | Reached XP level 7. HP: 40/66 MP: 7/7
  1440 | D:4      | Found a staircase to the Ecumenical Temple.
  1473 | Temple   | Entered the Ecumenical Temple
  1593 | D:4      | Reached skill level 6 in Armour
  1593 | D:4      | Reached XP level 8. HP: 34/73 MP: 8/8
  1618 | D:4      | Got a pitted bardiche
  1660 | D:3      | Identified the cursed +2,-2 bardiche of the Apocalypse {drain, SInv} (You found it on level 4 of the Dungeon)
  1847 | D:5      | Entered Level 5 of the Dungeon
  1959 | D:5      | Reached skill level 7 in Maces & Flails
  2180 | D:5      | Reached skill level 5 in Fighting
  2305 | D:5      | Reached skill level 1 in Evocations
  2515 | D:5      | Paralysed by a giant eyeball for 3 turns
  2547 | D:5      | Found a shadowy altar of Dithmengos.
  2550 | D:5      | Found a glowing silver altar of Zin.
  2559 | D:5      | Became a worshipper of Dithmengos
  2612 | D:5      | Paralysed by a giant eyeball for 2 turns
  2655 | D:6      | Noticed Chonchonts' ghost (experienced TrMo)
  2666 | D:6      | wut
  2695 | D:6      | Killed Chonchonts' ghost
  2695 | D:6      | Reached skill level 7 in Armour
  2695 | D:6      | Reached skill level 3 in Evocations
  2703 | D:6      | Reached skill level 8 in Maces & Flails
  2703 | D:6      | Gained mutation: You passively map the area around you. [level up]
  2703 | D:6      | Reached XP level 9. HP: 51/81 MP: 11/14
  3004 | D:7      | Gained mutation: Your body is slowly deteriorating. [potion of mutation]
  3004 | D:7      | Gained mutation: Your magical capacity is low (-10% MP). [potion of mutation]
  3004 | D:7      | Gained mutation: You are clumsy. (Dex -2) [potion of mutation]
  3007 | D:7      | gr8
  3257 | D:7      | HP: 20/81 [green rat (6)]
  3257 | D:7      | HP: 8/81 [orange rat (2)]
  3266 | D:7      | HP: 20/81 [green rat (7)]
  3292 | D:7      | HP: 17/81 [green rat (3)]
  3521 | D:8      | Reached skill level 4 in Evocations
  3539 | D:8      | HP: 20/82 [wight/long sword (8)]
  3554 | D:8      | HP: 15/82 [sky beast (4)]
  3574 | D:8      | HP: 12/82 [sky beast (3)]
  3584 | D:8      | HP: 8/82 [sky beast (4)]
  3621 | D:8      | HP: 16/82 [centaur/ poisoned arrow (6)]
  3641 | D:8      | HP: 20/82 [ice beast (3)]
  3644 | D:8      | Slain by an ogre

Vanquished Creatures
  Pikel (D:4)
  The ghost of Chonchonts the Ruffian, an experienced TrMo (D:6)
  Grinder (D:3)
  An ice beast (D:8)
  A sky beast (D:8)
  3 slaves (D:4)
  2 phantoms
  2 ogres
  A centaur (D:5)
  4 wights (D:8)
  5 crimson imps
  A jelly (D:7)
  3 big fish
  A hound (D:4)
  A quasit (D:5)
  An orange rat (D:7)
  2 iguanas
  2 scorpions
  3 worker ants
  9 adders
  5 green rats
  8 gnolls
  An orc skeleton (D:8)
  3 worms
  8 grey rats
  2 giant eyeballs (D:5)
  2 giant geckos
  An ooze (D:5)
  16 orcs
  12 bats
  A bat zombie (D:5)
  5 goblins
  10 hobgoblins
  2 ball pythons
  4 giant cockroaches
  A giant newt (D:5)
  11 kobolds
  30 rats
  A toadstool (D:4)
168 creatures vanquished.

Vanquished Creatures (others)
  13 toadstools (D:4)
13 creatures vanquished.

Grand Total: 181 creatures vanquished
